 Dungeon Crawl Stone Soup version 0.16-a0-3367-g7c1b4ff (webtiles) character file.

88 SharpStick the Poker (level 4, -2/35 HPs)
             Began as a Formicid Fighter on Dec 31, 2014.
             Slain by Grinder (8 damage)
             ... on level 3 of the Dungeon.
             The game lasted 00:04:48 (1998 turns).

SharpStick the Poker (Formicid Fighter)             Turns: 1998, Time: 00:04:48

Health: -2/35      AC:  6    Str: 25    XL:     4   Next: 81%
Magic:  5/5        EV:  8    Int:  8    God:
Gold:   150        SH: 10    Dex: 11    Spells: 0 memorised, 3 levels left

rFire  . . .     SeeInvis +     a - +0 trident
rCold  . . .     Clarity  .     b - +0 scale mail
rNeg   . . .     SustAb   .     c - +0 shield
rPois  .         Gourm    .     (helmet unavailable)
rElec  .         Spirit   .     (no cloak)
rCorr  .         Warding  .     (no gloves)
rMut   .         Stasis   +     (no boots)
MR     .....                    (no amulet)
Stlth  ..........               (no ring)
                                (no ring)

@: mighty, not resistant to hostile enchantments, extremely unstealthy
A: permanent stasis, dig shafts and tunnels, four strong arms, antennae 3
a: Dig, Shaft Self


You were on level 3 of the Dungeon.
You were not hungry.

You visited 1 branch of the dungeon, and saw 3 of its levels.

You collected 150 gold pieces.

Inventory:

Hand weapons
 a - a +0 trident (weapon)
Armour
 b - a +0 scale mail (worn)
 c - a +0 shield (worn)
Scrolls
 f - 2 scrolls of teleportation {unknown}
 g - a scroll of recharging {unknown}
 i - a scroll of amnesia {unknown}
 j - 2 scrolls of identify {unknown}
 n - a scroll of blinking {unknown}
 o - a scroll of enchant weapon {unknown}
 q - a scroll of noise {unknown}
 r - a scroll of remove curse {unknown}
 t - a scroll of random uselessness {unknown}
 u - a scroll of immolation {unknown}
Potions
 k - a potion of lignification {unknown}
 p - a potion of brilliance {unknown}
 s - 2 potions of curing {unknown}
Comestibles
 d - a bread ration
 h - 2 beef jerkies
 l - 2 meat rations
 m - a slice of pizza


   Skills:
 - Level 3.2 Fighting
 + Level 4.6 Polearms
 - Level 3.2 Armour
 - Level 3.6 Shields


You had 3 spell levels left.
You didn't know any spells.

Dungeon Overview and Level Annotations

Branches:
Dungeon (3/15)

Altars:
Fedhas
Kikubaaqudgha
Zin

Annotations:
D:3 Grinder


Innate Abilities, Weirdness & Mutations

You are under a permanent stasis effect.
You can dig through walls and to a lower floor.
Your four strong arms can wield two-handed weapons with a shield.
You have a pair of large antennae on your head (SInv).


Message History

Grinder hits you!
* * * LOW HITPOINT WARNING * * *
You block Grinder's attack.
You are too injured to fight recklessly!
You are too injured to fight recklessly!
You are too injured to fight recklessly!
You are too injured to fight recklessly!
You closely miss Grinder.
Grinder is severely wounded.
Grinder gestures at you. You resist with significant effort.
You hit Grinder but do no damage.
Grinder is severely wounded.
Grinder hits you.
* * * LOW HITPOINT WARNING * * *
You writhe in agony. x2
Drink which item? (? for menu, Esc to quit)
You feel very mighty all of a sudden. Grinder hits you!
You die...

######.##.#........##.#
##....#.............##.###
#........#..........##...#
#.......).##........####.#
#..[......###.##########.#
#.........# #...# #....#
#.........#####.# #.####
.............5.#####.#
.......### #@###....#
.....<# ##.##)#### ######
#.....#.# #.##....#
...#.>.#.# #####.#.#.#
#.....# ###.### ..#


You could see Grinder.

Vanquished Creatures
  3 adders (D:2)
  A gnoll (D:1)
  A worm (D:2)
  A giant gecko (D:1)
  2 giant cockroaches
  3 goblins
  8 hobgoblins
  8 kobolds
  8 bats
  6 giant newts
  5 rats
46 creatures vanquished.

Notes
Turn   | Place    | Note
--------------------------------------------------------------
     0 | D:1      | SharpStick, the Formicid Fighter, began the quest for the Orb.
     0 | D:1      | Reached XP level 1. HP: 18/18 MP: 1/1
   123 | D:1      | Reached XP level 2. HP: 21/24 MP: 3/3
   494 | D:1      | Reached XP level 3. HP: 15/29 MP: 4/4
  1169 | D:2      | Reached XP level 4. HP: 32/35 MP: 5/5
  1218 | D:2      | Reached skill level 4 in Polearms
  1241 | D:2      | Found a glowing silver altar of Zin.
  1595 | D:2      | Found a blossoming altar of Fedhas.
  1595 | D:2      | Found an ancient bone altar of Kikubaaqudgha.
  1991 | D:3      | Noticed Grinder
  1998 | D:3      | Slain by Grinder

Action                   |  1- 3 |  4- 6 || total
-------------------------+-------+-------++-------
Melee: Trident           |   111 |    70 ||   181
 Abil: Dig               |     1 |     1 ||     2
  Use: Potion            |       |     1 ||     1
  Eat: Chunk             |     1 |     3 ||     4
